 Dungeon Crawl Stone Soup version 0.25-a0-547-g27a0b5d1ef (webtiles) character file.

Game seed: 7705304519347449705, levelgen mode: deterministic

252 Gargoyl the Skirmisher (level 5, 0/41 HPs)
             Began as a Centaur Abyssal Knight on Feb 22, 2020.
             Was a Believer of Lugonu.
             Slain by an orc wizard
             ... wielding a +0 dagger
              (1 damage)
             ... on level 4 of the Dungeon.
             The game lasted 00:05:12 (3285 turns).

Gargoyl the Skirmisher (Centaur Abyssal Knight)     Turns: 3285, Time: 00:05:13

Health: 0/41       AC:  4    Str: 14    XL:     5   Next: 89%
Magic:  7/7        EV:  9    Int: 16    God:    Lugonu [**....]
Gold:   73         SH:  0    Dex: 10    Spells: 4/4 levels left

rFire    . . .     SeeInvis .   a - +2 hand axe
rCold    . . .     Gourm    .   (no shield)
rNeg     . . .     Faith    .   b - +0 leather armour
rPois    .         Spirit   .   (no helmet)
rElec    .         Reflect  .   (no cloak)
rCorr    .         Harm     .   (no gloves)
MR       .....                  (no barding)
Stlth    ..........             (no amulet)
HPRegen  0.13/turn              e - +5 ring of intelligence
MPRegen  0.10/turn              (no ring)

@: very quick
A: large, hooves 3, deformed body, speed 2, [frail 1], tough skin 3
a: Depart the Abyss, Bend Space, Renounce Religion


You were on level 4 of the Dungeon.
You worshipped Lugonu.
Lugonu was pleased with you.
You were near starving.

You visited 1 branch of the dungeon, and saw 4 of its levels.
You visited the Abyss 1 time.

You collected 73 gold pieces.

Inventory:

Hand Weapons
 a - a +2 hand axe (weapon)
 h - a cursed -2 war axe
Armour
 b - a +0 leather armour (worn)
Jewellery
 e - a +5 ring of intelligence (left hand)
Scrolls
 d - a scroll of remove curse
 f - 2 scrolls of fog {unknown}
 j - 3 scrolls of identify
Potions
 g - a potion of magic
Comestibles
 c - 5 rations


   Skills:
 + Level 4.1 Fighting
 + Level 3.1 Axes
 * Level 2.4 Armour
 * Level 1.6 Dodging
 * Level 3.1 Invocations


You had 4 spell levels left.
You didn't know any spells.
Your spell library was empty.

Dungeon Overview and Level Annotations

Branches:
Dungeon (3/15)

Altars:
Kikubaaqudgha
Wu Jian

Shops:
D:4 [


Innate Abilities, Weirdness & Mutations

You have hooves in place of feet.
Armour fits poorly on your strangely shaped body.
You cover ground very quickly.
You have extremely tough skin. (AC +3)
[You are frail. (-10% HP)]


Message History

Something hits you but does no damage. The orc hits you with a +0 dagger.
* * * LOW HITPOINT WARNING * * *
The orc hits you with a +0 hand axe.
* * * LOW HITPOINT WARNING * * *
You fail to use your ability.
You hear some strange, mumbled words.
A puff of flame appears from out of thin air!
The puff of flame hits you.
* * * LOW HITPOINT WARNING * * *
The orc hits you but does no damage. The orc hits you with a +0 dagger.
* * * LOW HITPOINT WARNING * * *
The orc closely misses you.
Okay, then.
You don't have enough health at the moment.
You slash the orc!
You kill the orc!
Lugonu accepts your kill.
You hit something.
You hit the orc. x2; Something hits you but does no damage.
The orc misses you. The orc closely misses you. Something hits you.
You die...

.## ≈. ..# .. ... .#
#.# . #.# #. #.# #
#.##)# .# #. #oo{#
...### #.###@## #.....
.# ######.#o## #...#
..# .......h#####
#...#...
..####......#####...#.#
##..............(.#
.......#............#..
####......[...........#
#.#.##.#####...###.#
........# #...# ..#


You could see a hound and 3 orcs.

Vanquished Creatures
  A hound (D:4)
  An orc priest (D:4)
  An iron imp (Abyss:1)
  2 orc wizards (D:3)
  4 adders (D:2)
  An ooze (D:1)
  A dart slug (D:1)
  10 orcs
  9 bats
  2 giant cockroaches
  6 goblins
  4 hobgoblins
  6 jackals
  4 kobolds
  A ball python (D:2)
  A frilled lizard (D:2)
  A jackal skeleton (D:4)
  2 rats (D:2)
57 creatures vanquished.

Notes
Turn   | Place    | Note
-------+----------+-------------------------------------------
     0 | Abyss:1  | Gargoyl the Centaur Abyssal Knight began the quest for the
                  | Orb.
     0 | Abyss:1  | Reached XP level 1. HP: 19/19 MP: 2/2
    36 | Abyss:1  | Noticed an iron imp
    41 | Abyss:1  | Killed an iron imp
    41 | Abyss:1  | Reached XP level 2. HP: 16/27 MP: 3/3
    63 | Abyss:1  | Noticed a starcursed mass
    75 | Abyss:1  | Noticed a wretched star
    76 | Abyss:1  | Noticed a freezing wraith
    79 | D:1      | Escaped the Abyss
   225 | D:1      | Reached XP level 3. HP: 18/26 MP: 4/4
   446 | D:1      | Reached * piety under Lugonu
   787 | D:2      | Reached skill level 1 in Dodging
   787 | D:2      | Reached XP level 4. HP: 27/32 MP: 5/5
  1189 | D:2      | Reached skill level 4 in Fighting
  1901 | D:3      | Reached XP level 5. HP: 15/36 MP: 5/7
  2393 | D:3      | Found an ancient bone altar of Kikubaaqudgha.
  2819 | D:3      | You fall into a shaft and drop 1 floor!
  2828 | D:4      | HP: 2/41 [poisoned by an orc wizard]
  2902 | D:4      | Found Xucvo's Antique Armour Shop.
  3155 | D:4      | Found an ornate altar of the Wu Jian Council.
  3274 | D:4      | Reached ** piety under Lugonu
  3284 | D:4      | HP: 1/41 [orc/+0 dagger (2)]
  3285 | D:4      | Slain by an orc wizard

Levels and vault maps discovered:
D:1:      minmay_arrival_arboretum_small, layout_loops_cross
D:2:      layout_rooms, first_ration, minmay_misc_feat_enclosed
D:3:      layout_basic, kiku_gazebo_pond_becter, cheibrodos_ashenzari_chains
D:4:      layout_loops_cross, kennysheep_mini, serial_shops, shop,
          cheibrodos_sewer_entry_drain, hangedman_decor_points

Skill      XL: |  1  2  3  4  5 |
---------------+----------------+-----
Axes           | 2 3 |  3.1
Dodging        | 1 |  1.6
Fighting       | 4 |  4.1
Armour         | 2 |  2.4
Invocations    | 3 |  3.1

Action                   |  1- 3 |  4- 6 || total
-------------------------+-------+-------++-------
Melee: Hand axe          |    60 |    91 ||   151
       Kick              |    10 |    16 ||    26
Invok: Depart the Abyss  |     1 |       ||     1
  Use: Scroll            |     1 |     5 ||     6
       Potion            |       |     2 ||     2
  Eat: Chunk             |       |     4 ||     4
Armor: Leather armour    |    29 |    44 ||    73
Dodge: Dodged            |    48 |    73 ||   121

Table legend:
 A = Non-vault XP
 B = Vault XP
 C = Vault XP percentage of total XP
 D = Non-vault monster count
 E = Vault monster count
 F = Vault count percentage of total count
                 A         B        C        D         E       F
            +---------+---------+-------+---------+---------+-------
      Total |     361 |       0 |   0.0 |      57 |       0 |   0.0
            +---------+---------+-------+---------+---------+-------
        D:1 |      41 |       0 |   0.0 |      19 |       0 |   0.0
        D:2 |      67 |       0 |   0.0 |      14 |       0 |   0.0
        D:3 |     111 |       0 |   0.0 |      15 |       0 |   0.0
        D:4 |     102 |       0 |   0.0 |       8 |       0 |   0.0
    Abyss:1 |      40 |       0 |   0.0 |       1 |       0 |   0.0
            +---------+---------+-------+---------+---------+-------
